 Dungeon Crawl Stone Soup version 0.19.3-1-g3169bf9 (webtiles) character file.

2293 Alarkh the Basher (level 9, -8/103 HPs)
             Began as an Ogre Monk on Jan 25, 2017.
             Was a Priest of Okawaru.
             Mangled by galech's ghost (19 damage)
             ... in a bailey.
             The game lasted 00:10:05 (6732 turns).

Alarkh the Basher (Ogre Monk)                       Turns: 6732, Time: 00:10:06

Health: -8/103     AC:  3    Str: 18    XL:     9   Next: 40%
Magic:  7/9        EV: 20    Int: 12    God:    Okawaru [***...]
Gold:   84         SH:  0    Dex: 17    Spells: 0 memorised, 8 levels left

rFire  . . .     SeeInvis .     b - +0 giant spiked club
rCold  + . .     Gourm    .     B - +0 robe {rC+}
rNeg   . . .     Faith    .     (shield currently unavailable)
rPois  +         Spirit   .     (helmet restricted)
rElec  .         Reflect  .     (no cloak)
rCorr  .         Harm     .     (gloves unavailable)
MR     .....                    (boots unavailable)
Stlth  ++........               r - amulet of regeneration
                                (no ring)
                                q - ring of poison resistance

@: confused, agile, heroism, heavily drained
A: unfitting armour, robust 1, tough skin 1
a: Heroism, Renounce Religion


You were in a bailey.
You worshipped Okawaru.
Okawaru was most pleased with you.
You were not hungry.

You visited 2 branches of the dungeon, and saw 8 of its levels.
You also visited: Bailey.

You collected 324 gold pieces.
You spent 240 gold pieces at shops.

Inventory:

Hand Weapons
 a - a +4 flail of draining
 b - a +0 giant spiked club (weapon)
 k - a +0 mace
 x - a +2 mace of draining
Armour
 z - a +0 robe
 B - a +0 robe of cold resistance (worn)
Magical Staves
 t - an uncursed staff of fire
Jewellery
 q - a ring of poison resistance (left hand)
 r - an amulet of regeneration (around neck)
Wands
 u - a wand of flame (18/48)
Scrolls
 d - a scroll of noise
 e - a scroll of identify
 f - 4 scrolls of teleportation
 h - 3 scrolls of fear
 j - 7 scrolls of remove curse
 n - 4 scrolls of magic mapping
 o - 2 scrolls of blinking
 v - a scroll of enchant armour
 w - a scroll of amnesia
Potions
 p - a potion of resistance
 s - a potion of brilliance
Books
 y - a book of Flames

   Spells                             Type                      Level
   a - Flame Tongue                   Conjuration/Fire             1
   b - Throw Flame                    Conjuration/Fire             2
   c - Conjure Flame                  Conjuration/Fire             3
   d - Inner Flame                    Hexes/Fire                   3
   e - Sticky Flame                   Conjuration/Fire             4
   f - Fireball                       Conjuration/Fire             5
Comestibles
 c - 6 bread rations
 g - 11 chunks of flesh
 i - 3 meat rations
 l - a fruit
 m - 4 slices of pizza
 E - a royal jelly


   Skills:
 + Level 7.7(10.6) Fighting
 * Level 13.0(15.6) Maces & Flails
 + Level 5.4(8.4) Dodging
 - Level 1.4(4.5) Stealth


You had 8 spell levels left.
You didn't know any spells.

Dungeon Overview and Level Annotations

Branches:
Dungeon (7/15)             Temple (1/1) D:6

Altars:
Ashenzari
Cheibriados
Dithmenos
Elyvilon
Fedhas
Gozag
Hepliaklqana
Kikubaaqudgha
Makhleb
Nemelex Xobeh
Okawaru
Qazlal
Ru
Sif Muna
Trog
Uskayaw
Vehumet
Xom
Yredelemnul
Zin
The Shining One

Shops:
D:4 =

Annotations:
Bailey Vojta's ghost, novice SpHu; galech's ghost, novice OgFi


Innate Abilities, Weirdness & Mutations

You are too large for most types of armour.
You have tough skin. (AC +1)
You are robust. (+10% HP)


Message History

Vojta's ghost misses you. Galech's ghost barely misses you.
You closely miss galech's ghost. Vojta's ghost completely misses you.
Galech's ghost hits you!!
* * * LOW HITPOINT WARNING * * *
You spit galech's ghost like a pig!!!
Galech's ghost is moderately damaged.
You hear a shout! x3
Vojta's ghost points at you and mumbles some strange words.
You resist with some effort. Galech's ghost barely misses you.
You barely miss galech's ghost.
Galech's ghost is moderately damaged.
Vojta's ghost points at you and mumbles some strange words.
You resist with some effort. Galech's ghost completely misses you.
You puncture galech's ghost!
Galech's ghost is heavily damaged.
Vojta's ghost gestures at you while chanting.
You are confused.
Galech's ghost closely misses you. Vojta's ghost misses you.
Galech's ghost hits you!!
You die...

#######
##.....##
#...∩...#
#.....@.#
##..∩WW##
##'('##
#...# #...#
......
≈.......
K≈≈.......≈
#≈≈.......≈≈


You could see Vojta's ghost and galech's ghost.

Vanquished Creatures
  Edmund (D:4)
  An ice beast (D:6)
  2 orc warriors
  A necrophage (D:6)
  8 ogres
  A centaur (D:5)
  2 bullfrogs (D:6)
  A water moccasin zombie (D:6)
  2 scorpions
  An orc priest (D:7)
  2 bullfrog zombies
  3 hounds
  5 orc wizards
  A bullfrog skeleton (D:7)
  Terence (D:2)
  4 iguanas
  2 worker ants (D:5)
  4 gnolls (D:7)
  6 adders
  2 shadow imps
  2 adder zombies
  2 oozes
  4 worms
  5 dart slugs
  3 leopard geckos
  21 orcs
  9 bats
  5 giant cockroaches
  7 goblins
  9 hobgoblins
  7 jackals
  3 quokkas
  2 ball pythons
  4 frilled lizards
  A giant cockroach zombie (D:5)
  7 kobolds
  A leopard gecko skeleton (D:4)
  A quokka skeleton (D:4)
  8 rats
151 creatures vanquished.

Notes
Turn   | Place    | Note
-------+----------+-------------------------------------------
     0 | D:1      | Alarkh the Ogre Monk began the quest for the Orb.
     0 | D:1      | Reached XP level 1. HP: 24/24 MP: 1/1
    91 | D:1      | Reached XP level 2. HP: 31/32 MP: 2/2
   335 | D:1      | Reached skill level 5 in Maces & Flails
   571 | D:1      | Reached XP level 3. HP: 23/39 MP: 3/3
  1135 | D:2      | Noticed Terence
  1500 | D:2      | Killed Terence
  1500 | D:2      | Reached skill level 6 in Maces & Flails
  1500 | D:2      | Reached XP level 4. HP: 42/48 MP: 4/4
  2205 | D:3      | Reached skill level 7 in Maces & Flails
  2205 | D:3      | Reached XP level 5. HP: 25/54 MP: 5/5
  2570 | D:3      | Reached skill level 8 in Maces & Flails
  3346 | D:4      | Reached XP level 6. HP: 56/62 MP: 6/6
  3478 | D:4      | Noticed Edmund
  3498 | D:4      | Killed Edmund
  3498 | D:4      | Reached skill level 9 in Maces & Flails
  3825 | D:4      | Reached XP level 7. HP: 65/70 MP: 7/7
  3833 | D:4      | Reached skill level 10 in Maces & Flails
  4220 | D:4      | Found Efuadeiq's Jewellery Emporium.
  4223 | D:4      | Bought an uncursed ring of poison resistance for 240 gold pieces
  4281 | D:5      | Entered Level 5 of the Dungeon
  4611 | D:5      | Reached skill level 5 in Fighting
  4939 | D:4      | Reached skill level 11 in Maces & Flails
  4939 | D:4      | Reached XP level 8. HP: 61/81 MP: 8/8
  5159 | D:6      | Found a staircase to the Ecumenical Temple.
  5196 | Temple   | Entered the Ecumenical Temple
  5479 | Temple   | Became a worshipper of Warmaster Okawaru
  5479 | Temple   | Reached * piety under Okawaru
  5479 | Temple   | Reached ** piety under Okawaru
  5650 | D:6      | Reached skill level 12 in Maces & Flails
  5828 | D:6      | Reached XP level 9. HP: 89/92 MP: 9/9
  5891 | D:6      | Reached *** piety under Okawaru
  5891 | D:6      | Reached skill level 5 in Dodging
  6690 | D:7      | Reached skill level 13 in Maces & Flails
  6700 | D:7      | Found a flagged portal.
  6708 | Bailey   | Entered a bailey
  6711 | Bailey   | Noticed Vojta's ghost (novice SpHu)
  6713 | Bailey   | Gained mutation: You are robust. (+10% HP) [potion of beneficial mutation]
  6714 | Bailey   | Noticed galech's ghost (novice OgFi)
  6732 | Bailey   | Mangled by galech's ghost

Skill      XL: |  1  2  3  4  5  6  7  8  9 |
---------------+----------------------------+-----
Maces & Flails | 5 6 7 8 9 11 12 13 | 13.0
Dodging        | 3 4 5 |  5.4
Fighting       | 5 7 |  7.7
Stealth        | |  1.4

Action                   |  1- 3 |  4- 6 |  7- 9 || total
-------------------------+-------+-------+-------++-------
Melee: Mace              |   103 |   149 |       ||   252
       Flail             |       |    26 |   242 ||   268
       Giant spiked club |       |       |     5 ||     5
Invok: Heroism           |       |       |     3 ||     3
  Use: Scroll            |     2 |     1 |    11 ||    14
       Potion            |     1 |     2 |     7 ||    10
 Stab: Sleeping          |     3 |     4 |     1 ||     8
  Eat: Chunk             |     1 |     8 |    10 ||    19
Armor: Robe              |    32 |    35 |    23 ||    90
Dodge: Dodged            |    66 |    89 |   137 ||   292
